Maple Leafs vs Kings

Created - 12 octobre 2021 at 15:37

Simulating a Pre-Season

Goals
1 2 3 OT1 SO T
Maple Leafs 2 2 2 0 0 6
Kings 2 2 2 0 1 7
Shots
1 2 3 OT1 SO T
Maple Leafs 4 8 16 3 3 31
Kings 11 11 19 0 2 41

1st period

1. Maple Leafs , Nikolaj Ehlers 4 (Logan Couture 6, Hampus Lindholm 5) at 6:01
2. Maple Leafs , Jesper Bratt 3 (Alex Iafallo 7) at 10:42
3. Kings , Patrick Marleau 3 (Rudolfs Balcers 3, Olli Maatta 3) at 13:44
4. Kings , Alex Ovechkin 5 (Artemi Panarin 9) at 15:41

Penalties :
Hampus Lindholm (TOR) for Goalie Interference (Minor) at 7:08, Andrei Svechnikov (TOR) for Holding (Minor) at 17:22

2nd period

5. Kings , Alexander Radulov 7 (Shea Weber 5) at 3:11
6. Kings , Jordan Eberle 4 (Alexander Radulov 6, Josh Brown 2) at 8:47
7. Maple Leafs , Alex Iafallo 5 (Mattias Janmark 4) at 12:33
8. Maple Leafs , Logan Couture 6 (Nikolaj Ehlers 6, Alex Iafallo 8) at 16:11

Penalties :
Hampus Lindholm (TOR) for High sticking (Minor) at 10:09

3rd period

9. Kings , Alex Ovechkin 6 (Artemi Panarin 10) at 0:55
10. Maple Leafs , Alex Iafallo 6 (Logan Couture 7, Nikolaj Ehlers 7) at 4:00
11. Kings , Rudolfs Balcers 2 (Patrick Marleau 4) at 4:35
12. Maple Leafs , Derek Ryan 2 (Mikhail Sergachev 1, Kaapo Kakko 5) at 13:58

Penalties :
No Penalty

Overtime #1

No Goal

Penalties :
No Penalty

Shootout

Maple Leafs, Jesper Bratt - Stopped by Martin Jones
Kings, Alexander Radulov - Goal!
Maple Leafs, Alex Iafallo - Shot Misses the Net
Kings, Artemi Panarin - Stopped by Anders Nilsson
Maple Leafs, Nikolaj Ehlers - Stopped by Martin Jones

Penalties :
No Penalty

Goalie Stats

Anders Nilsson (TOR), 22 saves from 24 shots - (0,917), OTL, 1-0-1, 36:13 minutes
Jordan Binnington (TOR), 13 saves from 17 shots - (0,765), 28:47 minutes
Martin Jones (LAK), 25 saves from 31 shots - (0,806), W, 2-0-1, 65:00 minutes

Players Stats for Maple Leafs

Player Name              G  A  P  +/- PIM S  H  SB GA TA FO     MP     PP MP  PK MP  
------------------------------------------------------------------------------------
Alex Iafallo             2  2  4   3  0   10 1  1  1  0  0/1    23:26   0:00   2:49 
Alexander Romanov        0  0  0   1  0   0  1  1  0  1  0/0    22:15   0:00   2:32 
Andrei Svechnikov        0  0  0  -1  2   1  1  0  2  0  0/1    18:03   0:00   1:38 
Blake Comeau             0  0  0   0  0   1  1  0  0  0  0/0     8:34   0:00   0:04 
Brandon Tanev            0  0  0  -1  0   0  1  0  0  0  1/4    18:24   0:00   2:48 
Cam Fowler               0  0  0  -2  0   0  0  3  0  1  0/0    15:27   0:00   0:00 
Derek Ryan               1  0  1   0  0   1  0  1  1  0  2/2     8:27   0:00   0:00 
Hampus Lindholm          0  1  1   2  4   0  1  4  0  1  0/0    24:23   0:00   1:11 
Jesper Bratt             1  0  1  -2  0   1  0  0  0  1  0/0    13:04   0:00   0:57 
Kaapo Kakko              0  1  1   0  0   3  0  0  0  1  0/0     8:27   0:00   0:00 
Logan Couture            1  2  3   2  0   5  0  0  0  0  16/30  20:12   0:00   0:00 
Mattias Janmark          0  1  1  -1  0   0  0  0  0  0  1/1    14:23   0:00   2:07 
Mike Hoffman             0  0  0  -2  0   1  1  0  0  0  2/6    12:28   0:00   0:00 
Mikhail Sergachev        0  1  1   0  0   0  1  0  0  0  0/0    16:19   0:00   1:18 
Nikolaj Ehlers           1  2  3   2  0   6  0  0  1  1  0/3    22:02   0:00   1:31 
Ryan Johansen            0  0  0  -1  0   1  1  0  0  0  6/8    15:45   0:00   0:00 
Ryan Stanton             0  0  0   1  0   0  3  5  0  1  0/0    25:22   0:00   3:41 
Travis Dermott           0  0  0  -1  0   1  0  2  0  0  0/0    21:59   0:00   3:12 

Players Stats for Kings

Player Name              G  A  P  +/- PIM S  H  SB GA TA FO     MP     PP MP  PK MP  
------------------------------------------------------------------------------------
Alex Goligoski           0  0  0   0  0   1  1  0  0  0  0/0    27:31   2:28   0:00 
Alex Ovechkin            2  0  2   1  0   9  1  0  2  0  0/1    22:41   3:10   0:00 
Alexander Radulov        1  1  2   2  0   5  1  0  1  0  0/0    19:21   2:47   0:00 
Artemi Panarin           0  2  2   1  0   4  1  0  1  0  0/4    22:13   3:10   0:00 
Carl Grundstrom          0  0  0  -3  0   1  0  0  0  0  0/0     8:07   0:00   0:00 
Carter Rowney            0  0  0  -3  0   1  0  0  2  0  0/0     8:01   0:00   0:00 
Jeff Carter              0  0  0   2  0   1  5  3  0  0  9/20   19:20   2:47   0:00 
Jonas Brodin             0  0  0   1  0   3  0  1  0  1  0/0    26:22   3:34   0:00 
Jordan Eberle            1  0  1   2  0   3  4  0  0  0  0/1    18:59   2:47   0:00 
Josh Brown               0  1  1  -2  0   1  2  1  0  0  0/0    21:19   0:00   0:00 
Michael Del Zotto        0  0  0  -2  0   1  1  1  0  2  0/0    16:26   1:01   0:00 
Olli Maatta              0  1  1   1  0   1  2  1  0  1  0/0    22:47   2:23   0:00 
Patrick Marleau          1  1  2   0  0   2  0  0  0  0  0/0    13:21   0:00   0:00 
Rudolfs Balcers          1  1  2   0  0   4  2  1  0  1  0/1    14:22   0:08   0:00 
Sean Kuraly              0  0  0   0  0   2  1  0  0  0  3/5    14:04   0:00   0:00 
Shea Weber               0  1  1   2  0   0  1  1  0  0  0/0    10:03   2:28   0:00 
Tage Thompson            0  0  0  -3  0   1  1  0  1  0  0/0     8:05   0:00   0:00 
Tomas Hertl              0  0  0   1  0   1  3  0  0  0  16/24  21:58   3:02   0:00 

3 Stars

1 - Alex Iafallo (TOR)
2 - Alex Ovechkin (LAK)
3 - Logan Couture (TOR)

Power Play

Maple Leafs - 0 on 0 Attempt(s) - 0,00%
Kings - 0 on 3 Attempt(s) - 0,00%

Penalty Kill

Maple Leafs - 3 on 3 Attempt(s) - 100,00% - Score 0 goal in Penalty Kill
Kings - 0 on 0 Attempt(s) - 0,00% - Score 0 goal in Penalty Kill

Team Stat

Maple Leafs - Hits : 12 - Faceoff Wins : 28 - Blocked Shots : 17 - Penalty Minutes : 6
Kings - Hits : 26 - Faceoff Wins : 28 - Blocked Shots : 9 - Penalty Minutes : 0

Official

Referees : Dave Lewis and Jon McIsaac
Linesman : Kiel Murchison and Kyle Larson

Game Notes

Shea Weber is injured at 3:57 of 2nd period (Sports Hernia)
Anders Nilsson enters game at 8:47 of 2nd period

Maple Leafs

5 vs 5 Forward 
   Center                   Left Wing                Right Wing               Time % Phy DF OF 
 1 Logan Couture            Alex Iafallo             Nikolaj Ehlers           40     1   2  2  
 2 Ryan Johansen            Andrei Svechnikov        Brandon Tanev            30     1   2  2  
 3 Mike Hoffman             Jesper Bratt             Mattias Janmark          20     1   2  2  
 4 Derek Ryan               Blake Comeau             Kaapo Kakko              10     1   2  2  

5 vs 5 Defense 
   Defense                  Defense                                           Time % Phy DF OF 
 1 Hampus Lindholm          Ryan Stanton                                      40     1   2  2  
 2 Alexander Romanov        Travis Dermott                                    30     1   2  2  
 3 Cam Fowler               Mikhail Sergachev                                 20     1   2  2  
 4 Cam Fowler               Mikhail Sergachev                                 10     1   2  2  

PowerPlay Forward 
   Center                   Left Wing                Right Wing               Time % Phy DF OF 
 1 Mike Hoffman             Alex Iafallo             Nikolaj Ehlers           60     1   2  2  
 2 Ryan Johansen            Andrei Svechnikov        Brandon Tanev            40     1   2  2  

PowerPlay Defense
   Defense                  Defense                                           Time % Phy DF OF 
 1 Hampus Lindholm          Ryan Stanton                                      60     1   2  2  
 2 Alexander Romanov        Travis Dermott                                    40     1   2  2  

Penalty Kill 4 Players Forward 
   Center                   Wing                     Time % Phy DF OF 
 1 Brandon Tanev            Alex Iafallo             60     1   2  2  
 2 Nikolaj Ehlers           Andrei Svechnikov        40     1   2  2  

Penalty Kill 4 Players Defense
   Defense                  Defense                  Time % Phy DF OF 
 1 Ryan Stanton             Hampus Lindholm          60     1   2  2  
 2 Alexander Romanov        Travis Dermott           40     1   2  2  

Penalty Kill - 3 Players Forward 
   Forward                                           Time % Phy DF OF 
 1 Nikolaj Ehlers                                    60     1   2  2  
 2 Alex Iafallo                                      40     1   2  2  

Penalty Kill - 3 Players Defense
   Defense                  Defense                  Time % Phy DF OF 
 1 Cam Fowler               Mikhail Sergachev        60     1   2  2  
 2 Alexander Romanov        Travis Dermott           40     1   2  2  

4 vs 4 Forward 
   Center                   Wing                     Time % Phy DF OF 
 1 Mattias Janmark          Alex Iafallo             60     1   2  2  
 2 Nikolaj Ehlers           Andrei Svechnikov        40     1   2  2  

4 vs 4 Defense
   Defense                  Defense                  Time % Phy DF OF 
 1 Mikhail Sergachev        Cam Fowler               60     1   2  2  
 2 Alexander Romanov        Travis Dermott           40     1   2  2  

Last Minutes Offensive
   Center                   Left Wing                Right Wing               Defense                  Defense                  
   Logan Couture            Alex Iafallo             Nikolaj Ehlers           Hampus Lindholm          Ryan Stanton             

Last Minutes Defensive
   Center                   Left Wing                Right Wing               Defense                  Defense                  
   Logan Couture            Alex Iafallo             Nikolaj Ehlers           Hampus Lindholm          Ryan Stanton             

Goaltenders
Starting : Jordan Binnington        
Backup : Anders Nilsson           

Extra Forwards
Normal : Mike Hoffman, Jesper Bratt, Mattias Janmark - PP : Mike Hoffman, Jesper Bratt - PK : Mattias Janmark
Extra Defensemen
Normal : Travis Dermott, Hampus Lindholm, Alexander Romanov - PP : Alexander Romanov - PK : Travis Dermott, Alexander Romanov
Penalty Shots
Jesper Bratt, Alex Iafallo, Nikolaj Ehlers, Andrei Svechnikov, Brandon Tanev
Custom OT Lines Forwards
Logan Couture, Alex Iafallo, Nikolaj Ehlers, Andrei Svechnikov, Brandon Tanev, Ryan Johansen, Mike Hoffman, Jesper Bratt, Mattias Janmark, Blake Comeau
Custom OT Lines Defensemen
Hampus Lindholm, Ryan Stanton, Alexander Romanov, Travis Dermott, Mikhail Sergachev

Scratches
Ben Hutton (Healthy)

Kings

5 vs 5 Forward 
   Center                   Left Wing                Right Wing               Time % Phy DF OF 
 1 Tomas Hertl              Alex Ovechkin            Artemi Panarin           38     0   2  3  
 2 Jeff Carter              Alexander Radulov        Jordan Eberle            34     0   2  3  
 3 Sean Kuraly              Rudolfs Balcers          Patrick Marleau          20     1   3  1  
 4 Carter Rowney            Carl Grundstrom          Tage Thompson            8      1   2  2  

5 vs 5 Defense 
   Defense                  Defense                                           Time % Phy DF OF 
 1 Shea Weber               Jonas Brodin                                      40     1   2  2  
 2 Alex Goligoski           Olli Maatta                                       35     1   2  2  
 3 Michael Del Zotto        Josh Brown                                        25     1   2  2  
 4 Shea Weber               Jonas Brodin                                      0      1   2  2  

PowerPlay Forward 
   Center                   Left Wing                Right Wing               Time % Phy DF OF 
 1 Tomas Hertl              Alex Ovechkin            Artemi Panarin           60     0   1  4  
 2 Jeff Carter              Alexander Radulov        Jordan Eberle            40     0   1  4  

PowerPlay Defense
   Defense                  Defense                                           Time % Phy DF OF 
 1 Shea Weber               Jonas Brodin                                      60     1   2  2  
 2 Alex Goligoski           Olli Maatta                                       40     1   2  2  

Penalty Kill 4 Players Forward 
   Center                   Wing                     Time % Phy DF OF 
 1 Sean Kuraly              Carter Rowney            60     1   4  0  
 2 Jeff Carter              Patrick Marleau          40     1   2  2  

Penalty Kill 4 Players Defense
   Defense                  Defense                  Time % Phy DF OF 
 1 Alex Goligoski           Olli Maatta              60     1   4  0  
 2 Michael Del Zotto        Josh Brown               40     1   2  2  

Penalty Kill - 3 Players Forward 
   Forward                                           Time % Phy DF OF 
 1 Tomas Hertl                                       60     1   4  0  
 2 Sean Kuraly                                       40     1   4  0  

Penalty Kill - 3 Players Defense
   Defense                  Defense                  Time % Phy DF OF 
 1 Shea Weber               Jonas Brodin             60     1   4  0  
 2 Alex Goligoski           Olli Maatta              40     1   4  0  

4 vs 4 Forward 
   Center                   Wing                     Time % Phy DF OF 
 1 Tomas Hertl              Alex Ovechkin            60     1   2  2  
 2 Jeff Carter              Alexander Radulov        40     1   2  2  

4 vs 4 Defense
   Defense                  Defense                  Time % Phy DF OF 
 1 Shea Weber               Jonas Brodin             60     1   2  2  
 2 Alex Ovechkin            Olli Maatta              40     1   2  2  

Last Minutes Offensive
   Center                   Left Wing                Right Wing               Defense                  Defense                  
   Tomas Hertl              Alex Ovechkin            Artemi Panarin           Shea Weber               Alex Goligoski           

Last Minutes Defensive
   Center                   Left Wing                Right Wing               Defense                  Defense                  
   Tomas Hertl              Sean Kuraly              Carter Rowney            Shea Weber               Jonas Brodin             

Goaltenders
Starting : Martin Jones             
Backup : Semyon Varlamov          

Extra Forwards
Normal : Rudolfs Balcers, Tage Thompson, Alex Ovechkin - PP : Rudolfs Balcers, Tage Thompson - PK : Jeff Carter
Extra Defensemen
Normal : Josh Brown, Michael Del Zotto, Jonas Brodin - PP : Michael Del Zotto - PK : Shea Weber, Alex Goligoski
Penalty Shots
Alexander Radulov, Artemi Panarin, Jordan Eberle, Alex Ovechkin, Jeff Carter
Custom OT Lines Forwards
Alex Ovechkin, Artemi Panarin, Tomas Hertl, Jordan Eberle, Jeff Carter, Alexander Radulov, Sean Kuraly, Rudolfs Balcers, Tage Thompson, Patrick Marleau
Custom OT Lines Defensemen
Shea Weber, Jonas Brodin, Alex Goligoski, Olli Maatta, Josh Brown

Scratches
Luke Schenn (Healthy), Christian Fischer (Torn Right MCL Injury)

% Time on Ice - Maple Leafs

Lines # - Real PCT - Wanted PCT - Time Play
Normal Forward
1 - 35% - 40% - 19:03
2 - 27% - 30% - 14:49
3 - 22% - 20% - 11:44
4 - 16% - 10% - 8:27
Normal Defense
1 - 41% - 40% - 22:08
2 - 30% - 30% - 16:28
3 - 19% - 20% - 10:23
4 - 9% - 10% - 5:04
PP Forward
1 - 0% - 60%
2 - 0% - 40%
PP Defense
1 - 0% - 60%
2 - 0% - 40%
PK Forward
1 - 75% - 60% - 4:26
2 - 25% - 40% - 1:31
PK Defense
1 - 78% - 60% - 4:39
2 - 22% - 40% - 1:18
PK3 Forward
1 - 0% - 60%
2 - 0% - 40%
PK3 Defense
1 - 0% - 60%
2 - 0% - 40%
44 Forward
1 - 0% - 60%
2 - 0% - 40%
44 Defense
1 - 0% - 60%
2 - 0% - 40%
Last Minute Offensive  - 0:00
Last Minute Defensive  - 0:00
Total
Forward - 60:00
Defense - 60:00

% Time on Ice - Kings

Lines # - Real PCT - Wanted PCT - Time Play
Normal Forward
1 - 33% - 38% - 17:57
2 - 27% - 34% - 14:44
3 - 25% - 20% - 13:21
4 - 15% - 8% - 8:01
Normal Defense
1 - 42% - 40% - 22:37
2 - 34% - 35% - 18:27
3 - 24% - 25% - 12:59
4 - 0% - 0% - 0:00
PP Forward
1 - 53% - 60% - 3:10
2 - 47% - 40% - 2:47
PP Defense
1 - 60% - 60% - 3:34
2 - 40% - 40% - 2:23
PK Forward
1 - 0% - 60%
2 - 0% - 40%
PK Defense
1 - 0% - 60%
2 - 0% - 40%
PK3 Forward
1 - 0% - 60%
2 - 0% - 40%
PK3 Defense
1 - 0% - 60%
2 - 0% - 40%
44 Forward
1 - 0% - 60%
2 - 0% - 40%
44 Defense
1 - 0% - 60%
2 - 0% - 40%
Last Minute Offensive  - 0:00
Last Minute Defensive  - 0:00
Total
Forward - 60:00
Defense - 60:00

Play-by-Play

1st period


0:01 of 1st period - Tomas Hertl wins face-off versus Logan Couture in neutral zone.
0:27 of 1st period - Hampus Lindholm is hit by Shea Weber and loses puck.
0:54 of 1st period - Wrist shot by Patrick Marleau.
0:54 of 1st period - Shot Misses the Net.
1:44 of 1st period - Slapshot by Alex Ovechkin.
1:44 of 1st period - Stopped by Jordan Binnington without a rebound.
1:45 of 1st period - Logan Couture wins face-off versus Jeff Carter in Maple Leafs zone.
1:45 of 1st period - Logan Couture is hit by Jordan Eberle.
2:13 of 1st period - Wrist shot by Ryan Johansen.
2:13 of 1st period - Shot Misses the Net.
2:20 of 1st period - Icing by Alex Ovechkin.
2:21 of 1st period - Tomas Hertl wins face-off versus Ryan Johansen in Kings zone.
2:32 of 1st period - Slapshot by Alex Ovechkin.
2:32 of 1st period - Deflect By Andrei Svechnikov.
2:32 of 1st period - Shot Misses the Net.
2:32 of 1st period - Puck is out of play.
2:33 of 1st period - Sean Kuraly wins face-off versus Mike Hoffman in Maple Leafs zone.
2:40 of 1st period - Wrist shot by Patrick Marleau.
2:40 of 1st period - Stopped by Jordan Binnington without a rebound.
2:41 of 1st period - Mike Hoffman wins face-off versus Rudolfs Balcers in Maple Leafs zone.
3:36 of 1st period - Backhand shot by Nikolaj Ehlers.
3:36 of 1st period - Stopped by Martin Jones with a rebound.
4:14 of 1st period - Wrist shot by Patrick Marleau.
4:14 of 1st period - Shot Blocked by Hampus Lindholm.
4:16 of 1st period - Snap shot by Michael Del Zotto.
4:16 of 1st period - Stopped by Jordan Binnington with a rebound.
4:34 of 1st period - Slapshot by Jordan Eberle.
4:34 of 1st period - Shot Blocked by Hampus Lindholm.
4:36 of 1st period - Slapshot by Olli Maatta.
4:36 of 1st period - Shot Misses the Net.
4:38 of 1st period - Snap shot by Alexander Radulov.
4:38 of 1st period - Stopped by Jordan Binnington with a rebound.
4:40 of 1st period - Slapshot by Olli Maatta.
4:40 of 1st period - Deflect By Jeff Carter.
4:40 of 1st period - Shot Misses the Net.
4:40 of 1st period - Puck is out of play.
4:41 of 1st period - Tomas Hertl wins face-off versus Nikolaj Ehlers in Maple Leafs zone.
4:48 of 1st period - Tomas Hertl is hit by Alexander Romanov and loses puck.
5:08 of 1st period - Brandon Tanev is hit by Jeff Carter and loses puck.
5:19 of 1st period - Wrist shot by Jordan Eberle.
5:19 of 1st period - Stopped by Jordan Binnington with a rebound.
6:01 of 1st period - Slapshot by Nikolaj Ehlers.
6:01 of 1st period - Goal by Nikolaj Ehlers - Maple Leafs : 1 - Kings : 0.
6:02 of 1st period - Tomas Hertl wins face-off versus Logan Couture in neutral zone.
6:44 of 1st period - Snap shot by Alex Ovechkin.
6:44 of 1st period - Stopped by Jordan Binnington with a rebound.
6:46 of 1st period - Slapshot by Josh Brown.
6:46 of 1st period - Stopped by Jordan Binnington without a rebound.
6:47 of 1st period - Jeff Carter wins face-off versus Logan Couture in Maple Leafs zone.
7:08 of 1st period - Minor Penalty to Hampus Lindholm for Goalie Interference.
7:09 of 1st period - Tomas Hertl wins face-off versus Brandon Tanev in Maple Leafs zone.
9:08 of 1st period - Penalty to Hampus Lindholm is over, Hampus Lindholm is back on ice.
9:25 of 1st period - Snap shot by Rudolfs Balcers.
9:25 of 1st period - Shot Misses the Net.
10:42 of 1st period - Wrist shot by Jesper Bratt.
10:42 of 1st period - Goal by Jesper Bratt - Maple Leafs : 2 - Kings : 0.
10:43 of 1st period - Logan Couture wins face-off versus Jeff Carter in neutral zone.
11:02 of 1st period - Alexander Radulov is hit by Ryan Stanton and loses puck.
11:25 of 1st period - Slapshot by Artemi Panarin.
11:25 of 1st period - Deflect By Alex Ovechkin.
11:25 of 1st period - Shot Misses the Net.
11:25 of 1st period - Puck is out of play.
11:26 of 1st period - Sean Kuraly wins face-off versus Mike Hoffman in Maple Leafs zone.
11:31 of 1st period - Slapshot by Rudolfs Balcers.
11:31 of 1st period - Shot Misses the Net.
11:33 of 1st period - Snap shot by Patrick Marleau.
11:33 of 1st period - Deflect By Rudolfs Balcers.
11:33 of 1st period - Stopped by Jordan Binnington with a rebound.
11:35 of 1st period - Slapshot by Rudolfs Balcers.
11:35 of 1st period - Deflect By Patrick Marleau.
11:35 of 1st period - Shot Blocked by Cam Fowler.
11:35 of 1st period - Puck is out of play.
11:36 of 1st period - Mike Hoffman wins face-off versus Sean Kuraly in Maple Leafs zone.
13:35 of 1st period - Olli Maatta is hit by Mike Hoffman and loses puck.
13:44 of 1st period - Snap shot by Patrick Marleau.
13:44 of 1st period - Goal by Patrick Marleau - Maple Leafs : 2 - Kings : 1.
13:45 of 1st period - Logan Couture wins face-off versus Tomas Hertl in neutral zone.
14:22 of 1st period - Slapshot by Hampus Lindholm.
14:22 of 1st period - Deflect By Kaapo Kakko.
14:22 of 1st period - Deflect By Jordan Eberle.
14:22 of 1st period - Shot Misses the Net.
14:22 of 1st period - Puck is out of play.
14:23 of 1st period - Jeff Carter wins face-off versus Logan Couture in Kings zone.
14:28 of 1st period - Logan Couture is hit by Jeff Carter and loses puck.
15:12 of 1st period - Slapshot by Nikolaj Ehlers.
15:12 of 1st period - Stopped by Martin Jones with a rebound.
15:22 of 1st period - Slapshot by Tomas Hertl.
15:22 of 1st period - Stopped by Jordan Binnington without a rebound.
15:23 of 1st period - Ryan Johansen wins face-off versus Jeff Carter in Maple Leafs zone.
15:33 of 1st period - Snap shot by Alexander Radulov.
15:33 of 1st period - Deflect By Jordan Eberle.
15:33 of 1st period - Shot Misses the Net.
15:33 of 1st period - Puck is out of play.
15:34 of 1st period - Tomas Hertl wins face-off versus Andrei Svechnikov in Maple Leafs zone.
15:41 of 1st period - Snap shot by Alex Ovechkin.
15:41 of 1st period - Goal by Alex Ovechkin - Maple Leafs : 2 - Kings : 2.
15:42 of 1st period - Ryan Johansen wins face-off versus Tomas Hertl in neutral zone.
16:07 of 1st period - Alexander Romanov is hit by Jeff Carter and loses puck.
16:18 of 1st period - Snap shot by Alex Iafallo.
16:18 of 1st period - Shot Misses the Net.
17:17 of 1st period - Backhand shot by Rudolfs Balcers.
17:17 of 1st period - Shot Misses the Net.
17:22 of 1st period - Minor Penalty to Andrei Svechnikov for Holding.
17:23 of 1st period - Brandon Tanev wins face-off versus Artemi Panarin in Maple Leafs zone.
17:59 of 1st period - Wrist shot by Jordan Eberle.
17:59 of 1st period - Shot Blocked by Alex Iafallo.
19:22 of 1st period - Penalty to Andrei Svechnikov is over, Andrei Svechnikov is back on ice.
19:34 of 1st period - Snap shot by Tage Thompson.
19:34 of 1st period - Deflect By Carl Grundstrom.
19:34 of 1st period - Shot Misses the Net.
19:34 of 1st period - Puck is out of play.
19:35 of 1st period - Derek Ryan wins face-off versus Sean Kuraly in Maple Leafs zone.
Goals for this period are 2 for Maple Leafs vs 2 for Kings.
Shots for this period are 4 for Maple Leafs vs 11 for Kings.

2nd period


0:01 of 2nd period - Logan Couture wins face-off versus Tomas Hertl in neutral zone.
0:12 of 2nd period - Snap shot by Nikolaj Ehlers.
0:12 of 2nd period - Stopped by Martin Jones without a rebound.
0:13 of 2nd period - Logan Couture wins face-off versus Jordan Eberle in Kings zone.
0:16 of 2nd period - Slapshot by Alex Iafallo.
0:16 of 2nd period - Stopped by Martin Jones with a rebound.
0:18 of 2nd period - Slapshot by Travis Dermott.
0:18 of 2nd period - Stopped by Martin Jones with a rebound.
0:20 of 2nd period - Wrist shot by Logan Couture.
0:20 of 2nd period - Shot Misses the Net.
0:28 of 2nd period - Slapshot by Alex Iafallo.
0:28 of 2nd period - Shot Blocked by Jeff Carter.
0:30 of 2nd period - Wrist shot by Alex Iafallo.
0:30 of 2nd period - Shot Blocked by Jeff Carter.
0:48 of 2nd period - Snap shot by Alex Ovechkin.
0:48 of 2nd period - Stopped by Jordan Binnington with a rebound.
1:42 of 2nd period - Olli Maatta is hit by Blake Comeau and loses puck.
2:08 of 2nd period - Wrist shot by Ryan Johansen.
2:08 of 2nd period - Stopped by Martin Jones with a rebound.
2:14 of 2nd period - Jeff Carter is hit by Ryan Stanton.
3:11 of 2nd period - Snap shot by Alexander Radulov.
3:11 of 2nd period - Goal by Alexander Radulov - Maple Leafs : 2 - Kings : 3.
3:12 of 2nd period - Tomas Hertl wins face-off versus Logan Couture in neutral zone.
3:17 of 2nd period - Alexander Romanov is hit by Tomas Hertl and loses puck.
3:38 of 2nd period - Brandon Tanev is hit by Josh Brown and loses puck.
3:57 of 2nd period - Wrist shot by Mattias Janmark.
3:57 of 2nd period - Shot Blocked by Shea Weber.
3:57 of 2nd period - Shea Weber from Kings is injured at 3:57 of 2nd period (Sports Hernia).
3:58 of 2nd period - Logan Couture wins face-off versus Tomas Hertl in Kings zone.
4:13 of 2nd period - Snap shot by Alex Ovechkin.
4:13 of 2nd period - Shot Misses the Net.
4:15 of 2nd period - Snap shot by Artemi Panarin.
4:15 of 2nd period - Stopped by Jordan Binnington with a rebound.
5:14 of 2nd period - Mattias Janmark is hit by Tomas Hertl and loses puck.
5:58 of 2nd period - Wrist shot by Brandon Tanev.
5:58 of 2nd period - Shot Blocked by Jonas Brodin.
6:19 of 2nd period - Off-side.
6:20 of 2nd period - Tomas Hertl wins face-off versus Nikolaj Ehlers in neutral zone.
6:29 of 2nd period - Wrist shot by Tomas Hertl.
6:29 of 2nd period - Shot Misses the Net.
6:50 of 2nd period - Slapshot by Ryan Johansen.
6:50 of 2nd period - Shot Blocked by Olli Maatta.
7:22 of 2nd period - Snap shot by Tage Thompson.
7:22 of 2nd period - Shot Blocked by Ryan Stanton.
7:24 of 2nd period - Wrist shot by Jonas Brodin.
7:24 of 2nd period - Stopped by Jordan Binnington with a rebound.
7:26 of 2nd period - Slapshot by Michael Del Zotto.
7:26 of 2nd period - Shot Blocked by Ryan Stanton.
7:28 of 2nd period - Slapshot by Michael Del Zotto.
7:28 of 2nd period - Shot Misses the Net.
7:30 of 2nd period - Slapshot by Carl Grundstrom.
7:30 of 2nd period - Stopped by Jordan Binnington with a rebound.
8:12 of 2nd period - Wrist shot by Alexander Radulov.
8:12 of 2nd period - Deflect By Jordan Eberle.
8:12 of 2nd period - Shot Blocked by Hampus Lindholm.
8:12 of 2nd period - Puck is out of play.
8:13 of 2nd period - Tomas Hertl wins face-off versus Ryan Johansen in Maple Leafs zone.
8:47 of 2nd period - Slapshot by Jordan Eberle.
8:47 of 2nd period - Goal by Jordan Eberle - Maple Leafs : 2 - Kings : 4.
8:47 of 2nd period - Anders Nilsson enters game.
8:48 of 2nd period - Jeff Carter wins face-off versus Logan Couture in neutral zone.
8:53 of 2nd period - Snap shot by Alexander Radulov.
8:53 of 2nd period - Stopped by Anders Nilsson with a rebound.
8:55 of 2nd period - Slapshot by Olli Maatta.
8:55 of 2nd period - Shot Blocked by Alexander Romanov.
9:15 of 2nd period - Andrei Svechnikov is hit by Artemi Panarin and loses puck.
9:34 of 2nd period - Snap shot by Jesper Bratt.
9:34 of 2nd period - Shot Hit the Post.
10:09 of 2nd period - Minor Penalty to Hampus Lindholm for High sticking.
10:10 of 2nd period - Tomas Hertl wins face-off versus Brandon Tanev in Maple Leafs zone.
10:37 of 2nd period - Travis Dermott is hit by Jeff Carter and loses puck.
12:09 of 2nd period - Penalty to Hampus Lindholm is over, Hampus Lindholm is back on ice.
12:21 of 2nd period - Snap shot by Mattias Janmark.
12:21 of 2nd period - Shot Misses the Net.
12:33 of 2nd period - Snap shot by Alex Iafallo.
12:33 of 2nd period - Goal by Alex Iafallo - Maple Leafs : 3 - Kings : 4.
12:34 of 2nd period - Ryan Johansen wins face-off versus Tomas Hertl in neutral zone.
13:01 of 2nd period - Jordan Eberle is hit by Hampus Lindholm and loses puck.
13:12 of 2nd period - Wrist shot by Blake Comeau.
13:12 of 2nd period - Stopped by Martin Jones with a rebound.
13:24 of 2nd period - Logan Couture is hit by Rudolfs Balcers and loses puck.
14:09 of 2nd period - Wrist shot by Artemi Panarin.
14:09 of 2nd period - Deflect By Andrei Svechnikov.
14:09 of 2nd period - Stopped by Anders Nilsson with a rebound.
14:11 of 2nd period - Wrist shot by Alex Ovechkin.
14:11 of 2nd period - Shot Misses the Net.
14:27 of 2nd period - Slapshot by Jordan Eberle.
14:27 of 2nd period - Shot Blocked by Travis Dermott.
14:49 of 2nd period - Kaapo Kakko is hit by Rudolfs Balcers and loses puck.
15:20 of 2nd period - Andrei Svechnikov is hit by Olli Maatta and loses puck.
15:31 of 2nd period - Slapshot by Alex Ovechkin.
15:31 of 2nd period - Stopped by Anders Nilsson with a rebound.
15:33 of 2nd period - Wrist shot by Alex Ovechkin.
15:33 of 2nd period - Stopped by Anders Nilsson with a rebound.
15:48 of 2nd period - Ryan Stanton is hit by Alexander Radulov and loses puck.
16:09 of 2nd period - Wrist shot by Nikolaj Ehlers.
16:09 of 2nd period - Shot Blocked by Rudolfs Balcers.
16:11 of 2nd period - Snap shot by Logan Couture.
16:11 of 2nd period - Goal by Logan Couture - Maple Leafs : 4 - Kings : 4.
16:12 of 2nd period - Tomas Hertl wins face-off versus Logan Couture in neutral zone.
16:15 of 2nd period - Mikhail Sergachev is hit by Alex Ovechkin and loses puck.
16:28 of 2nd period - Slapshot by Tomas Hertl.
16:28 of 2nd period - Shot Blocked by Cam Fowler.
16:58 of 2nd period - Cam Fowler is hit by Josh Brown.
17:27 of 2nd period - Off-side.
17:28 of 2nd period - Ryan Johansen wins face-off versus Tomas Hertl in neutral zone.
17:34 of 2nd period - Olli Maatta is hit by Brandon Tanev and loses puck.
17:41 of 2nd period - Wrist shot by Ryan Johansen.
17:41 of 2nd period - Shot Misses the Net.
17:57 of 2nd period - Wrist shot by Mike Hoffman.
17:57 of 2nd period - Stopped by Martin Jones without a rebound.
17:58 of 2nd period - Jeff Carter wins face-off versus Mike Hoffman in Kings zone.
18:23 of 2nd period - Nikolaj Ehlers is hit by Michael Del Zotto and loses puck.
18:28 of 2nd period - Wrist shot by Rudolfs Balcers.
18:28 of 2nd period - Shot Misses the Net.
18:56 of 2nd period - Travis Dermott is hit by Tage Thompson and loses puck.
19:09 of 2nd period - Snap shot by Jordan Eberle.
19:09 of 2nd period - Shot Misses the Net.
19:47 of 2nd period - Alex Ovechkin is hit by Ryan Johansen and loses puck.
19:56 of 2nd period - Snap shot by Olli Maatta.
19:56 of 2nd period - Stopped by Anders Nilsson without a rebound.
19:57 of 2nd period - Logan Couture wins face-off versus Jeff Carter in Maple Leafs zone.
Goals for this period are 2 for Maple Leafs vs 2 for Kings.
Shots for this period are 8 for Maple Leafs vs 11 for Kings.

3rd period


0:01 of 3rd period - Jeff Carter wins face-off versus Logan Couture in neutral zone.
0:12 of 3rd period - Alex Iafallo is hit by Jordan Eberle and loses puck.
0:40 of 3rd period - Wrist shot by Patrick Marleau.
0:40 of 3rd period - Shot Blocked by Ryan Stanton.
0:55 of 3rd period - Wrist shot by Alex Ovechkin.
0:55 of 3rd period - Goal by Alex Ovechkin - Maple Leafs : 4 - Kings : 5.
0:56 of 3rd period - Jeff Carter wins face-off versus Logan Couture in neutral zone.
0:59 of 3rd period - Snap shot by Alexander Radulov.
0:59 of 3rd period - Stopped by Anders Nilsson without a rebound.
1:00 of 3rd period - Logan Couture wins face-off versus Jeff Carter in Maple Leafs zone.
1:00 of 3rd period - Logan Couture is hit by Jordan Eberle.
1:10 of 3rd period - Slapshot by Nikolaj Ehlers.
1:10 of 3rd period - Stopped by Martin Jones without a rebound.
1:11 of 3rd period - Logan Couture wins face-off versus Artemi Panarin in Kings zone.
1:45 of 3rd period - Snap shot by Alexander Radulov.
1:45 of 3rd period - Shot Misses the Net.
2:31 of 3rd period - Slapshot by Kaapo Kakko.
2:31 of 3rd period - Stopped by Martin Jones without a rebound.
2:32 of 3rd period - Logan Couture wins face-off versus Tomas Hertl in Kings zone.
2:39 of 3rd period - Snap shot by Alex Iafallo.
2:39 of 3rd period - Deflect By Logan Couture.
2:39 of 3rd period - Stopped by Martin Jones with a rebound.
2:41 of 3rd period - Snap shot by Alex Iafallo.
2:41 of 3rd period - Shot Misses the Net.
2:43 of 3rd period - Wrist shot by Logan Couture.
2:43 of 3rd period - Stopped by Martin Jones with a rebound.
2:45 of 3rd period - Slapshot by Logan Couture.
2:45 of 3rd period - Stopped by Martin Jones with a rebound.
2:47 of 3rd period - Snap shot by Alex Iafallo.
2:47 of 3rd period - Stopped by Martin Jones with a rebound.
2:49 of 3rd period - Snap shot by Nikolaj Ehlers.
2:49 of 3rd period - Stopped by Martin Jones with a rebound.
3:03 of 3rd period - Off-side.
3:04 of 3rd period - Ryan Johansen wins face-off versus Jeff Carter in neutral zone.
3:07 of 3rd period - Jordan Eberle is hit by Andrei Svechnikov and loses puck.
3:19 of 3rd period - Icing by Alexander Radulov.
3:20 of 3rd period - Jeff Carter wins face-off versus Alex Iafallo in Kings zone.
3:31 of 3rd period - Slapshot by Alex Iafallo.
3:31 of 3rd period - Stopped by Martin Jones without a rebound.
3:32 of 3rd period - Tomas Hertl wins face-off versus Logan Couture in Kings zone.
3:40 of 3rd period - Icing by Hampus Lindholm.
3:41 of 3rd period - Tomas Hertl wins face-off versus Logan Couture in Maple Leafs zone.
3:46 of 3rd period - Slapshot by Artemi Panarin.
3:46 of 3rd period - Deflect By Alex Ovechkin.
3:46 of 3rd period - Stopped by Anders Nilsson without a rebound.
3:47 of 3rd period - Logan Couture wins face-off versus Artemi Panarin in Maple Leafs zone.
3:58 of 3rd period - Wrist shot by Nikolaj Ehlers.
3:58 of 3rd period - Shot Misses the Net.
4:00 of 3rd period - Snap shot by Logan Couture.
4:00 of 3rd period - Deflect By Alex Iafallo.
4:00 of 3rd period - Goal by Alex Iafallo - Maple Leafs : 5 - Kings : 5.
4:01 of 3rd period - Tomas Hertl wins face-off versus Logan Couture in neutral zone.
4:28 of 3rd period - Logan Couture is hit by Sean Kuraly and loses puck.
4:35 of 3rd period - Wrist shot by Rudolfs Balcers.
4:35 of 3rd period - Goal by Rudolfs Balcers - Maple Leafs : 5 - Kings : 6.
4:36 of 3rd period - Jeff Carter wins face-off versus Brandon Tanev in neutral zone.
5:02 of 3rd period - Alex Ovechkin is hit by Alex Iafallo and loses puck.
5:44 of 3rd period - Slapshot by Alex Goligoski.
5:44 of 3rd period - Deflect By Mikhail Sergachev.
5:44 of 3rd period - Stopped by Anders Nilsson without a rebound.
5:45 of 3rd period - Derek Ryan wins face-off versus Jeff Carter in Maple Leafs zone.
5:50 of 3rd period - Wrist shot by Kaapo Kakko.
5:50 of 3rd period - Shot Misses the Net.
5:54 of 3rd period - Snap shot by Kaapo Kakko.
5:54 of 3rd period - Shot Blocked by Jeff Carter.
5:56 of 3rd period - Slapshot by Mikhail Sergachev.
5:56 of 3rd period - Shot Blocked by Josh Brown.
6:16 of 3rd period - Wrist shot by Alex Iafallo.
6:16 of 3rd period - Stopped by Martin Jones without a rebound.
6:17 of 3rd period - Logan Couture wins face-off versus Alex Ovechkin in Kings zone.
6:45 of 3rd period - Off-side.
6:46 of 3rd period - Ryan Johansen wins face-off versus Jeff Carter in neutral zone.
6:51 of 3rd period - Wrist shot by Andrei Svechnikov.
6:51 of 3rd period - Stopped by Martin Jones with a rebound.
7:11 of 3rd period - Artemi Panarin is hit by Mikhail Sergachev and loses puck.
7:34 of 3rd period - Slapshot by Rudolfs Balcers.
7:34 of 3rd period - Stopped by Anders Nilsson with a rebound.
7:36 of 3rd period - Snap shot by Rudolfs Balcers.
7:36 of 3rd period - Stopped by Anders Nilsson with a rebound.
7:38 of 3rd period - Snap shot by Sean Kuraly.
7:38 of 3rd period - Stopped by Anders Nilsson with a rebound.
7:40 of 3rd period - Slapshot by Rudolfs Balcers.
7:40 of 3rd period - Shot Blocked by Ryan Stanton.
7:42 of 3rd period - Slapshot by Jonas Brodin.
7:42 of 3rd period - Stopped by Anders Nilsson with a rebound.
7:44 of 3rd period - Slapshot by Josh Brown.
7:44 of 3rd period - Deflect By Patrick Marleau.
7:44 of 3rd period - Shot Misses the Net.
7:44 of 3rd period - Puck is out of play.
7:45 of 3rd period - Jeff Carter wins face-off versus Nikolaj Ehlers in Maple Leafs zone.
7:48 of 3rd period - Wrist shot by Jeff Carter.
7:48 of 3rd period - Stopped by Anders Nilsson without a rebound.
7:49 of 3rd period - Logan Couture wins face-off versus Jeff Carter in Maple Leafs zone.
9:00 of 3rd period - Wrist shot by Tage Thompson.
9:00 of 3rd period - Stopped by Anders Nilsson with a rebound.
9:02 of 3rd period - Slapshot by Alex Goligoski.
9:02 of 3rd period - Shot Misses the Net.
9:04 of 3rd period - Wrist shot by Carter Rowney.
9:04 of 3rd period - Shot Blocked by Ryan Stanton.
9:22 of 3rd period - Wrist shot by Alexander Radulov.
9:22 of 3rd period - Stopped by Anders Nilsson with a rebound.
10:43 of 3rd period - Snap shot by Jordan Eberle.
10:43 of 3rd period - Stopped by Anders Nilsson with a rebound.
10:57 of 3rd period - Mikhail Sergachev is hit by Alex Goligoski.
11:45 of 3rd period - Blake Comeau is hit by Olli Maatta and loses puck.
12:10 of 3rd period - Snap shot by Kaapo Kakko.
12:10 of 3rd period - Stopped by Martin Jones without a rebound.
12:11 of 3rd period - Sean Kuraly wins face-off versus Logan Couture in Kings zone.
12:18 of 3rd period - Snap shot by Sean Kuraly.
12:18 of 3rd period - Shot Blocked by Hampus Lindholm.
12:20 of 3rd period - Slapshot by Jonas Brodin.
12:20 of 3rd period - Stopped by Anders Nilsson with a rebound.
12:22 of 3rd period - Snap shot by Sean Kuraly.
12:22 of 3rd period - Stopped by Anders Nilsson without a rebound.
12:23 of 3rd period - Logan Couture wins face-off versus Jeff Carter in Maple Leafs zone.
12:38 of 3rd period - Backhand shot by Logan Couture.
12:38 of 3rd period - Shot Misses the Net.
12:40 of 3rd period - Wrist shot by Alex Iafallo.
12:40 of 3rd period - Stopped by Martin Jones with a rebound.
13:20 of 3rd period - Snap shot by Mattias Janmark.
13:20 of 3rd period - Shot Blocked by Michael Del Zotto.
13:56 of 3rd period - Snap shot by Kaapo Kakko.
13:56 of 3rd period - Stopped by Martin Jones with a rebound.
13:58 of 3rd period - Slapshot by Mikhail Sergachev.
13:58 of 3rd period - Deflect By Derek Ryan.
13:58 of 3rd period - Goal by Derek Ryan - Maple Leafs : 6 - Kings : 6.
13:59 of 3rd period - Tomas Hertl wins face-off versus Logan Couture in neutral zone.
14:02 of 3rd period - Snap shot by Alex Ovechkin.
14:02 of 3rd period - Stopped by Anders Nilsson with a rebound.
14:04 of 3rd period - Slapshot by Olli Maatta.
14:04 of 3rd period - Shot Misses the Net.
14:06 of 3rd period - Wrist shot by Tomas Hertl.
14:06 of 3rd period - Shot Misses the Net.
14:08 of 3rd period - Snap shot by Artemi Panarin.
14:08 of 3rd period - Stopped by Anders Nilsson with a rebound.
14:10 of 3rd period - Slapshot by Alex Goligoski.
14:10 of 3rd period - Shot Blocked by Cam Fowler.
14:12 of 3rd period - Wrist shot by Artemi Panarin.
14:12 of 3rd period - Stopped by Anders Nilsson without a rebound.
14:13 of 3rd period - Logan Couture wins face-off versus Jeff Carter in Maple Leafs zone.
15:23 of 3rd period - Ryan Stanton is hit by Jordan Eberle and loses puck.
17:32 of 3rd period - Snap shot by Carter Rowney.
17:32 of 3rd period - Shot Blocked by Travis Dermott.
17:34 of 3rd period - Slapshot by Tage Thompson.
17:34 of 3rd period - Shot Misses the Net.
17:36 of 3rd period - Snap shot by Carl Grundstrom.
17:36 of 3rd period - Shot Blocked by Derek Ryan.
18:02 of 3rd period - Snap shot by Carter Rowney.
18:02 of 3rd period - Stopped by Anders Nilsson with a rebound.
18:04 of 3rd period - Wrist shot by Carter Rowney.
18:04 of 3rd period - Deflect By Tage Thompson.
18:04 of 3rd period - Shot Misses the Net.
18:04 of 3rd period - Puck is out of play.
18:05 of 3rd period - Tomas Hertl wins face-off versus Mike Hoffman in Maple Leafs zone.
18:11 of 3rd period - Slapshot by Alex Goligoski.
18:11 of 3rd period - Shot Misses the Net.
18:31 of 3rd period - Hampus Lindholm is hit by Jeff Carter and loses puck.
18:40 of 3rd period - Snap shot by Alex Iafallo.
18:40 of 3rd period - Stopped by Martin Jones without a rebound.
18:41 of 3rd period - Mattias Janmark wins face-off versus Tomas Hertl in Kings zone.
19:15 of 3rd period - Jonas Brodin is hit by Ryan Stanton and loses puck.
Goals for this period are 2 for Maple Leafs vs 2 for Kings.
Shots for this period are 16 for Maple Leafs vs 19 for Kings.

Overtime #1


0:01 of 1st overtime period - Logan Couture wins face-off versus Artemi Panarin in neutral zone.
0:15 of 1st overtime period - Snap shot by Logan Couture.
0:15 of 1st overtime period - Stopped by Martin Jones with a rebound.
0:17 of 1st overtime period - Snap shot by Alex Iafallo.
0:17 of 1st overtime period - Stopped by Martin Jones with a rebound.
3:37 of 1st overtime period - Slapshot by Hampus Lindholm.
3:37 of 1st overtime period - Shot Misses the Net.
3:43 of 1st overtime period - Hampus Lindholm is hit by Tomas Hertl and loses puck.
3:56 of 1st overtime period - Snap shot by Alex Iafallo.
3:56 of 1st overtime period - Stopped by Martin Jones with a rebound.
Goals for this period are 0 for Maple Leafs vs 0 for Kings.
Shots for this period are 3 for Maple Leafs vs 0 for Kings.

ShootOut


5:00 of 1st overtime period - Round #1.
5:00 of 1st overtime period - Maple Leafs, Jesper Bratt.
5:00 of 1st overtime period - Snap shot by Jesper Bratt.
5:00 of 1st overtime period - Stopped by Martin Jones.
5:00 of 1st overtime period - Kings, Alexander Radulov.
5:00 of 1st overtime period - Wrist shot by Alexander Radulov.
5:00 of 1st overtime period - Goal by Alexander Radulov.
5:00 of 1st overtime period - Round #2.
5:00 of 1st overtime period - Maple Leafs, Alex Iafallo.
5:00 of 1st overtime period - Deke by Alex Iafallo.
5:00 of 1st overtime period - Shot Misses the Net.
5:00 of 1st overtime period - Kings, Artemi Panarin.
5:00 of 1st overtime period - Wrist shot by Artemi Panarin.
5:00 of 1st overtime period - Stopped by Anders Nilsson.
5:00 of 1st overtime period - Round #3.
5:00 of 1st overtime period - Maple Leafs, Nikolaj Ehlers.
5:00 of 1st overtime period - Deke by Nikolaj Ehlers.
5:00 of 1st overtime period - Stopped by Martin Jones.